[Event "Amsterdam Chess Open 2024"]
[Site "Amsterdam"]
[Date "2024.11.02"]
[Round "4.1"]
[White "Grutter, Tim"]
[Black "Van Baar, Esper"]
[Result "1-0"]
[ECO "C84"]
[WhiteElo "2350"]
[BlackElo "2219"]
[Annotator "RC"]
[PlyCount "83"]
[EventDate "2024.10.31"]
[EventType "swiss"]
[EventCountry "NED"]
[SourceTitle "playchess.com"]
[Source "ChessBase"]
[SourceQuality "1"]
[TimeControl "5400+30"]

1. e4 e5 2. Nf3 Nc6 3. Bb5 a6 4. Ba4 Nf6 5. O-O Nxe4 6. d4 Be7 7. Re1 b5 8. Rxe4 d5 9. Nxe5 Nxe5 10. Rxe5 bxa4 11. Qe2 Be6 12. f4 Kf8 13. Qf2 Bh4 14. g3 Bf6 15. Re1 Qd7 16. Nc3 Kg8 17. b3 c5 18. Be3 a3 19. Na4 cxd4 20. Bxd4 Bxd4 21. Qxd4 Qc6 22. Nc5 h5 23. Re5 g6 24. Rae1 Bf5 25. Nxa6 f6 26. Qxd5+ Qxd5 27. Rxd5 Bxc2 28. Nc7 Rc8 29. Nb5 Bf5 30. Nxa3 Kg7 31. Nc4 Ra8 32. Re7+ Kh6 33. Nd6 Rhf8 34. Nxf5+ gxf5 35. Rdd7 Rh8 36. a4 h4 37. Rf7 Ra6 38. b4 Rc6 39. Rc7 Rd6 40. gxh4 Rg8+ 41. Kf2 Kh5 42. h3 1-0

[Event "Amsterdam Chess Open 2024"]
[Site "Amsterdam"]
[Date "2024.11.02"]
[Round "4.2"]
[White "Bruns, Kai-Christian"]
[Black "Sharan, Rao"]
[Result "0-1"]
[ECO "C05"]
[WhiteElo "2067"]
[BlackElo "2401"]
[Annotator "TA"]
[PlyCount "132"]
[EventDate "2024.10.31"]
[EventType "swiss"]
[EventCountry "NED"]
[SourceTitle "playchess.com"]
[Source "ChessBase"]
[SourceQuality "1"]
[TimeControl "5400+30"]

1. e4 e6 2. d4 d5 3. Nd2 Nf6 4. e5 Nfd7 5. c3 c5 6. f4 Nc6 7. Ndf3 Qb6 8. a3 cxd4 9. cxd4 Na5 {[%emt 0:00:13] C05: French Tarrasch: 3...Nf6 4 e5 Nfd7, 5 f4 and 5 Bd3 sidelines.} 10. h4 Be7 11. h5 f6 12. Bd3 O-O $146 ({Predecessor:} 12... Nb3 13. Rb1 a5 14. Be3 Nf8 15. a4 Qb4+ 16. Kf2 Bd7 17. Bc2 Bxa4 18. Ne2 b5 {1-0 Marechal,A (2314)-Deiller,P (2077) Metz op 19th 2001 (4)}) 13. Ne2 Rf7 14. Qc2 f5 15. Rg1 Nf8 16. g4 fxg4 17. Rxg4 Bd7 18. Rb1 Bb5 19. Nc3 Bxd3 20. Qxd3 Rc8 21. f5 exf5 22. Rf4 Qe6 23. Qb5 Bd8 24. Ng1 a6 25. Qd3 g5 26. hxg6 hxg6 27. Rf1 Qc6 $2 (27... g5 $19 {...f4 is the strong threat.} 28. Nh3 f4) 28. Nge2 (28. Nf3 $1 $15) 28... Nc4 ({Black should try} 28... Nb3 $17 29. Be3 Na5) 29. b3 $11 Nb6 30. Bd2 Rh7 31. Rg1 (31. Kd1 {feels hotter.} Be7 32. Rg1 Kf7 33. Nf4) 31... Kh8 (31... Kf7 {seems wilder.} 32. Kd1 Ne6 33. Qg3 Rg7) 32. Kd1 Rcc7 $1 33. Kc2 Rcg7 34. Kb2 Ne6 (34... Qd7 $11) 35. Rbf1 Nd7 36. Qf3 (36. Rc1 $16) 36... Bb6 $11 37. Qd3 (37. Qxd5 $2 {loses.} Rh2 (37... Qxd5 $2 38. Nxd5 Rh2 39. Nxb6 $17) 38. Rh1 Rgh7 39. Rxh2 Rxh2 40. Qxc6 bxc6 $19) (37. Nxd5 $2 Bxd4+ (37... Nxd4 $2 38. Nxd4 Bxd4+ 39. Bc3 $19) 38. Nxd4 Nxd4 $19) ({Of course not} 37. Be3 Nxe5 38. dxe5 d4 39. Qxc6 bxc6 40. Nxd4 (40. Na4 $2 dxe3 41. Nxb6 Rh2 $19) 40... Bxd4 41. Bxd4 Nxd4 $17) 37... Ndf8 38. Rh1 Rxh1 39. Rxh1+ Rh7 40. Rg1 Qd7 41. Bg5 Bd8 42. Bxd8 Qxd8 43. Qf3 Rh2 44. Rh1 Qh4 45. Rxh2 Qxh2 46. Qxd5 f4 47. Qf3 Nxd4 (47... g5 {looks sharper.} 48. d5 Nd4 49. Qd3 Nxe2 50. Qxe2 Qxe2+ 51. Nxe2 Kg7) 48. Qxf4 Qxf4 49. Nxf4 g5 50. Nd3 Kg7 51. Ne4 Kg6 52. Kc3 Nfe6 53. Ng3 Nf5 54. Ne2 Kh5 55. Kb4 b6 56. a4 Kg4 57. a5 bxa5+ 58. Kxa5 Kf3 59. Ng1+ $1 Ke3 60. Ne1 $2 (60. Nb2 $11) 60... g4 $19 61. Kxa6 Nfd4 62. b4 Kf2 63. Nd3+ Kxg1 64. Ka5 g3 65. b5 Kf1 66. b6 g2 0-1

[Event "Amsterdam Chess Open 2024"]
[Site "Amsterdam"]
[Date "2024.11.02"]
[Round "4.3"]
[White "Brookes, Christopher"]
[Black "Maters, Arthur"]
[Result "1-0"]
[ECO "C10"]
[WhiteElo "2218"]
[BlackElo "2118"]
[Annotator "RC"]
[PlyCount "171"]
[EventDate "2024.10.31"]
[EventType "swiss"]
[EventCountry "NED"]
[SourceTitle "playchess.com"]
[Source "ChessBase"]
[SourceQuality "1"]
[TimeControl "5400+30"]

1. e4 e6 2. d4 d5 3. Nc3 dxe4 4. Nxe4 Bd7 5. Nf3 Bc6 6. Bd3 Nd7 7. O-O Ngf6 8. Nc3 Be7 9. Bf4 Nh5 10. Be3 Nhf6 11. Re1 O-O 12. Qe2 b6 13. Rad1 Bb7 14. Ba6 Qc8 15. Bxb7 Qxb7 16. Bg5 Rfe8 17. Ne5 Rad8 18. Qb5 Nxe5 19. dxe5 Nd5 20. Bxe7 Nxe7 21. Rd7 a6 22. Qd3 Rxd7 23. Qxd7 Qc8 24. Rd1 Ng6 25. Qd4 Qb8 26. f4 c5 27. Qe3 Rd8 28. Rd2 Ne7 29. g4 Nc6 30. Ne4 Rxd2 31. Qxd2 Nd4 32. Qd3 f5 33. gxf5 exf5 34. Nd6 Qa8 35. Nxf5 Nxf5 36. Qxf5 Qf3 37. Qe6+ Kf8 38. Qd6+ Ke8 39. Qd2 g6 40. c3 b5 41. a3 c4 42. Qd4 Qe2 43. Qd5 Qg4+ 44. Kh1 Qxf4 45. Qg8+ Qf8 46. Qe6+ Qe7 47. Qg8+ Kd7 48. Qd5+ Kc7 49. Kg2 Qd7 50. Qe4 Qc6 51. Kf3 Qxe4+ 52. Kxe4 Kd7 53. Kd5 g5 54. e6+ Ke7 55. Ke5 h5 56. Kf5 g4 57. Ke5 Ke8 58. Kf4 Ke7 59. Kf5 a5 60. Ke5 h4 61. Kf4 g3 62. hxg3 hxg3 63. Kxg3 Kxe6 64. Kf4 Kd5 65. Kf5 Kc5 66. Ke4 a4 67. Ke5 Kc6 68. Ke6 Kc7 69. Kd5 Kb6 70. Kd6 Kb7 71. Kc5 Ka6 72. Kc6 Ka5 73. Kb7 b4 74. cxb4+ Kb5 75. Kc7 c3 76. bxc3 Kc4 77. Kc6 Kxc3 78. b5 Kb3 79. b6 Kxa3 80. b7 Ka2 81. b8=Q a3 82. Kc5 Ka1 83. Kc4 a2 84. Kb3 Kb1 85. Ka3+ Ka1 86. Qb2# 1-0

[Event "Amsterdam Chess Open 2024"]
[Site "Amsterdam"]
[Date "2024.11.02"]
[Round "4.4"]
[White "Stanojevic, Ilija"]
[Black "Stojiljkovic, Stefan"]
[Result "1/2-1/2"]
[ECO "B80"]
[WhiteElo "2197"]
[BlackElo "2122"]
[Annotator "RC"]
[PlyCount "52"]
[EventDate "2024.10.31"]
[EventType "swiss"]
[EventCountry "NED"]
[SourceTitle "playchess.com"]
[Source "ChessBase"]
[SourceQuality "1"]
[TimeControl "5400+30"]

1. e4 c5 2. Nf3 d6 3. d4 cxd4 4. Nxd4 Nf6 5. Nc3 a6 6. f3 e6 7. Be3 Be7 8. Be2 Nbd7 9. Qd2 Qc7 10. O-O O-O 11. Rad1 Ne5 12. Rfe1 Nc4 13. Bxc4 Qxc4 14. Qd3 Qxd3 15. cxd3 Bd7 16. Rc1 Rfc8 17. Nce2 Rxc1 18. Rxc1 Rc8 19. Rxc8+ Bxc8 20. Nb3 Nd7 21. Nc3 Bd8 22. Kf2 b5 23. Ke2 Bb6 24. a4 Bxe3 25. Kxe3 bxa4 26. Nxa4 Kf8 1/2-1/2

[Event "Amsterdam Chess Open 2024"]
[Site "Amsterdam"]
[Date "2024.11.02"]
[Round "4.5"]
[White "Van den Doel, Erik"]
[Black "Kumar, Prajit Sai"]
[Result "1/2-1/2"]
[ECO "D05"]
[WhiteElo "2557"]
[BlackElo "2179"]
[Annotator "TA"]
[PlyCount "88"]
[EventDate "2024.10.31"]
[EventType "swiss"]
[EventCountry "NED"]
[SourceTitle "playchess.com"]
[Source "ChessBase"]
[SourceQuality "1"]
[TimeControl "5400+30"]

1. d4 d5 2. Nf3 e6 3. e3 Nf6 4. Bd3 c5 5. c3 Bd6 6. dxc5 Bxc5 7. Nbd2 Nc6 8. O-O O-O 9. Qe2 Qc7 10. e4 b6 11. e5 Ng4 12. Bxh7+ Kxh7 13. Ng5+ Kg8 14. Qxg4 {[%emt 0:00:07] [#] Hoping for Qh5.} Qxe5 15. Nb3 Be7 16. Nf3 Qf6 17. Qg3 e5 18. Bg5 Qe6 19. Bxe7 Qxe7 20. Rfe1 f6 21. Nbd4 Qd7 22. Nxc6 Qxc6 23. Nh4 Re8 24. f4 exf4 25. Rxe8+ Qxe8 26. Qxf4 Qe4 27. Qg3 {[%emt 0:05:34] [#] aiming for Re1.} Qg4 28. Qf2 Bd7 29. Nf3 Qc4 30. Nd4 Re8 31. Qg3 Qc5 32. Rf1 Qe7 33. h3 (33. a3 {looks sharper.} Kf7 34. h3 Qe3+ 35. Kh2) 33... Qe3+ 34. Qxe3 Rxe3 $11 {[%emt 0:00:06][%mdl 4096] Endgame. KRB-KRN} 35. Kf2 Re4 36. Re1 Rxe1 37. Kxe1 {[%emt 0:00:03] KB-KN} Kf7 38. Kf2 Ke7 39. Ke3 Kd6 {[%emt 0:00:43] The position is equal.} 40. Kf4 {[%emt 0:01:45] Threatens to win with Nf5+.} g5+ 41. Ke3 a5 42. a3 a4 43. Kd2 Kc5 44. Kd3 Bc8 {[%emt 0:02:47] A balanced but interesting game.   Weighted Error Value: White=0.04 (flawless) /Black=0.04 (flawless) .  Inaccurate:     	White=1     	Black=1      OK:         	White=18    	Black=16     Best:        	White=3     	Black=4} 1/2-1/2

[Event "Amsterdam Chess Open 2024"]
[Site "Amsterdam"]
[Date "2024.11.02"]
[Round "4.6"]
[White "Lahaye, Rick"]
[Black "Moss, Guy"]
[Result "1-0"]
[ECO "A25"]
[WhiteElo "2400"]
[BlackElo "2175"]
[Annotator "TA"]
[PlyCount "103"]
[EventDate "2024.10.31"]
[EventType "swiss"]
[EventCountry "NED"]
[SourceTitle "playchess.com"]
[Source "ChessBase"]
[SourceQuality "1"]
[TimeControl "5400+30"]

1. c4 Nf6 2. Nc3 e5 3. e3 Nc6 4. g4 h6 5. Bg2 Bb4 6. Nd5 {[%emt 0:00:45] A25: English Opening vs King's Indian with ...Nc6 but without early d3.} Nxd5 7. cxd5 Ne7 8. Nf3 $146 ({Predecessor:} 8. a3 Bd6 9. d4 Ng6 10. dxe5 Nxe5 11. h4 Qe7 12. h5 b6 13. f4 Nc4 14. Qd3 {1-0 Andersen,J (2398)-Vinter Schou,U (2297) DEN-chT 2122 59th 2021 (6.3)}) 8... Ng6 9. h4 h5 10. g5 Bc5 11. d4 exd4 12. Nxd4 d6 13. f4 (13. Bd2 $11) 13... Bg4 14. Qd3 Qd7 15. b4 Bxd4 (15... Bxb4+ $5 16. Kf2 Bc5 $17) 16. Qxd4 Qa4 (16... O-O $15) 17. Bd2 O-O-O 18. Rc1 (18. Qxg7 $2 Qb5 19. Bf1 Qxd5 $19) 18... Rhe8 19. Kf2 (19. Qxg7 $2 Qb5 (19... Nxf4 20. O-O $17) 20. Bf1 Qxd5 $19) 19... Re7 (19... Rd7 $14) 20. Kg3 (20. Qxg7 $18 {Qc3 would now be deadly.} Kb8 21. Qc3) 20... Rde8 $14 21. Rc3 (21. Qxg7 Rxe3+ (21... Qxa2 $2 22. Qc3 $18) 22. Bxe3 Rxe3+ 23. Kh2 Qe8) (21. Rhe1 $16 f5 22. Rc3 (22. gxf6 gxf6 23. e4 Rf7 $16)) 21... Kb8 $11 22. a3 (22. Qxg7 Qxa2 23. Qd4 Bf5 $11) 22... Qb5 23. Re1 f5 (23... Qd7 $1 $11) 24. Rc4 (24. gxf6 gxf6 25. a4 (25. Qxf6 $2 Rg8 $19) 25... Qd7 $17 (25... Qxa4 26. e4 $17)) 24... b6 (24... Re4 $14 25. Bxe4 fxe4 (25... Rxe4 $2 26. Qxg7 Re7 27. Qg8+ Qe8 28. Qxe8+ Rxe8 29. b5 $18)) 25. Rc6 $16 Qa6 26. Qc3 Qb7 (26... Bd1 $142 27. Bf1 (27. Rxd1 Qe2 $11) 27... Qa4) 27. a4 $16 Rd7 (27... a6 $16 {was called for.} 28. Qd4 Rg8) 28. Rc1 ({White should play} 28. a5 $18) 28... Rg8 $2 (28... a6 $16 {was worth a try.} 29. Qd4 Rg8) 29. Qd3 $18 Ne7 30. a5 Qc8 $2 (30... Rgd8 31. Bc3 Ng6 32. axb6 axb6) 31. R6c2 Qb7 32. b5 Re8 33. axb6 cxb6 (33... Qxb6 $142 34. Bc3 Nc8) 34. Rc6 Nc8 (34... Rdd8 $142 35. Rc7 Qxc7) 35. Bc3 Rc7 36. Bd4 (36. Be5 $142 Ree7 37. Rxd6 (37. Bxd6 Nxd6 38. Kh2 Rxc6 $11) 37... Rxe5 38. Rdc6 (38. Rxc7 Qxc7 39. Rc6 Qe7 $18) 38... Rxc6 39. dxc6 (39. bxc6 Qc7 $18)) 36... Rxc6 $2 (36... Rd7 37. Qc4 Rde7) 37. dxc6 $18 Qc7 38. Bxg7 Ne7 39. Bf6 Ng6 40. Bd5 Nf8 41. Qb3 Nh7 42. Bd4 Nf8 43. Re1 Qh7 44. Bf7 Re7 45. Bg8 Qg6 46. Bf6 Rc7 47. Qd5 Qe8 48. Qxd6 Kc8 49. Be5 Qe7 50. Qxc7+ Qxc7 51. Bxc7 Kxc7 52. Bf7 1-0

[Event "Amsterdam Chess Open 2024"]
[Site "Amsterdam"]
[Date "2024.11.02"]
[Round "4.7"]
[White "Johannesson, Oliver"]
[Black "Bagrationi, Alexander"]
[Result "1/2-1/2"]
[ECO "B30"]
[WhiteElo "2216"]
[BlackElo "2391"]
[Annotator "TA"]
[PlyCount "68"]
[EventDate "2024.10.31"]
[EventType "swiss"]
[EventCountry "NED"]
[SourceTitle "playchess.com"]
[Source "ChessBase"]
[SourceQuality "1"]
[TimeControl "5400+30"]

1. e4 c5 2. Nf3 Nc6 3. Bb5 Nf6 4. Nc3 Nd4 5. Bd3 d5 {[%emt 0:06:50] [#]} (5... d6 $11 {remains equal.}) 6. e5 $1 $16 Nd7 {[%emt 0:07:06] [#]} 7. e6 ({White has to play} 7. Nxd4 $1 $16 {[%cal Oe5e6] e6! is the strong threat.} cxd4 8. e6) 7... Nxe6 $11 8. Nxd5 g6 9. O-O Bg7 10. Re1 O-O 11. Bc4 Nb6 12. Nxb6 axb6 13. d3 Qd6 14. Qe2 Bd7 15. c3 b5 16. Bb3 Bc6 17. Bxe6 fxe6 (17... Bxf3 {feels hotter.} 18. Qxf3 fxe6 19. Qxb7 b4) 18. Qxe6+ (18. Ng5 $1 $14) 18... Qxe6 19. Rxe6 Rfd8 20. Be3 ({Of course not} 20. Rxe7 Rxd3 21. Bg5 b4 $15) 20... Rxd3 {[%emt 0:13:44][%cal Oa8a2] Hoping for ...Rxa2!} 21. Bxc5 ({Worse is} 21. Rxe7 Rxa2 22. Rc1 (22. Rxg7+ $2 Kxg7 23. Re1 c4 $19) 22... Rxb2 $19) 21... Bxf3 22. gxf3 Rd2 23. Rxe7 Rxb2 24. Rxb7 Bxc3 25. Rd1 b4 26. Rdd7 Rbxa2 27. Bxb4 Bxb4 28. Rxb4 {[%emt 0:00:11][%mdl 4096] Endgame. KRR-KRR} R2a7 29. Rbb7 Rxb7 {[%emt 0:00:05] The position is equal.} 30. Rxb7 Ra5 31. Kg2 Rg5+ 32. Kh3 Rh5+ 33. Kg3 Rg5+ 34. Kh3 Rh5+ {[%emt 0:00:07] Weighted Error Value: White=0.13 (very precise) /Black=0.13 (very precise) .  Mistake:       	White=2     	---        Inaccurate:     	---       	Black=3      OK:         	White=7     	Black=18     Best:        	White=2     	Black=3} 1/2-1/2

[Event "Amsterdam Chess Open 2024"]
[Site "Amsterdam"]
[Date "2024.11.02"]
[Round "4.8"]
[White "Pham, Khoi"]
[Black "Ratsma, Midas"]
[Result "1/2-1/2"]
[ECO "D41"]
[WhiteElo "2264"]
[BlackElo "2280"]
[Annotator "RC"]
[PlyCount "104"]
[EventDate "2024.10.31"]
[EventType "swiss"]
[EventCountry "NED"]
[SourceTitle "playchess.com"]
[Source "ChessBase"]
[SourceQuality "1"]
[TimeControl "5400+30"]

1. d4 d5 2. c4 e6 3. Nc3 Nf6 4. cxd5 Nxd5 5. e4 Nxc3 6. bxc3 c5 7. Nf3 cxd4 8. cxd4 Nc6 9. Be2 Bb4+ 10. Bd2 Bxd2+ 11. Qxd2 O-O 12. Rc1 Qd6 13. O-O Rd8 14. Rfd1 h6 15. Qe3 Bd7 16. h4 Rac8 17. e5 Qf8 18. Qe4 Nb4 19. Qxb7 Nxa2 20. Rxc8 Bxc8 21. Qxa7 Nc3 22. Rd2 Qb4 23. Qc7 Rf8 24. Qc5 Qb1+ 25. Kh2 Nxe2 26. Rxe2 Qf5 27. Qa7 Qb1 28. Qa3 Bb7 29. Qb2 Qf1 30. Re1 Qa6 31. Nd2 Bd5 32. Ne4 Qd3 33. Re3 Qd1 34. Qb4 Rc8 35. Qe7 Qxd4 36. Nf6+ Kh8 37. Nxd5 Qxd5 38. Qxf7 Rc4 39. g3 Rc1 40. Qf3 Qxf3 41. Rxf3 Rc5 42. Rf8+ Kh7 43. f4 Kg6 44. Re8 Kf5 45. Kh3 h5 46. Re7 g6 47. Rf7+ Ke4 48. Rf6 Kf3 49. Rxe6 Rc1 50. Kh2 Rc2+ 51. Kh3 Rc1 52. Kh2 Rc2+ 1/2-1/2

[Event "Amsterdam Chess Open 2024"]
[Site "Amsterdam"]
[Date "2024.11.02"]
[Round "4.9"]
[White "Andringa, Arjo"]
[Black "Kazarian, Anna-Maja"]
[Result "0-1"]
[ECO "C06"]
[WhiteElo "1949"]
[BlackElo "2178"]
[Annotator "RC"]
[PlyCount "70"]
[EventDate "2024.10.31"]
[EventType "swiss"]
[EventCountry "NED"]
[SourceTitle "playchess.com"]
[Source "ChessBase"]
[SourceQuality "1"]
[TimeControl "5400+30"]

1. e4 e6 2. d4 d5 3. Nd2 Be7 4. c3 Nf6 5. e5 Nfd7 6. Bd3 c5 7. Ne2 Nc6 8. Nf3 Qb6 9. a3 cxd4 10. cxd4 f6 11. exf6 Nxf6 12. O-O Bd7 13. b4 O-O 14. Ng3 Bd6 15. Bb2 Ne7 16. Ne5 Bb5 17. Re1 Bxd3 18. Nxd3 Bxg3 19. hxg3 Ne4 20. Qg4 Nf5 21. f3 Nexg3 22. Nc5 Rfe8 23. Re5 a5 24. Bc3 axb4 25. Be1 bxa3 26. Bxg3 Qb2 27. Ree1 Ne3 28. Rxe3 Qxa1+ 29. Re1 Qc3 30. Nxe6 Re7 31. Qg5 Rd7 32. Nc5 Rf7 33. Qxd5 a2 34. Na4 Qxe1+ 35. Bxe1 a1=Q 0-1

[Event "Amsterdam Chess Open 2024"]
[Site "Amsterdam"]
[Date "2024.11.02"]
[Round "4.10"]
[White "Abdulla, Murad"]
[Black "Saine, Zachary"]
[Result "1-0"]
[ECO "C54"]
[WhiteElo "2329"]
[BlackElo "2038"]
[Annotator "RC"]
[PlyCount "61"]
[EventDate "2024.10.31"]
[EventType "swiss"]
[EventCountry "NED"]
[SourceTitle "playchess.com"]
[Source "ChessBase"]
[SourceQuality "1"]
[TimeControl "5400+30"]

1. e4 e5 2. Nf3 Nc6 3. Bc4 Bc5 4. d3 Nf6 5. Nbd2 d6 6. c3 a5 7. O-O Ba7 8. Re1 O-O 9. Bb3 Ng4 10. Re2 Kh8 11. Nf1 f5 12. exf5 Bxf5 13. Ng3 Nxf2 14. Rxf2 Bxf2+ 15. Kxf2 Bg4 16. Qe2 Bxf3 17. gxf3 d5 18. a4 e4 19. dxe4 Ne5 20. f4 dxe4 21. Kg2 Nd3 22. f5 Qh4 23. Be6 Nc5 24. Bc4 Rae8 25. Be3 Nd7 26. Rf1 Ne5 27. Rf4 Qf6 28. Be6 Ng6 29. Rxe4 c6 30. Bd4 Nh4+ 31. Kh3 1-0

[Event "Amsterdam Chess Open 2024"]
[Site "Amsterdam"]
[Date "2024.11.02"]
[Round "4.11"]
[White "Heij, Jacco"]
[Black "Mikko, Rondo"]
[Result "0-1"]
[ECO "D53"]
[WhiteElo "1979"]
[BlackElo "1966"]
[Annotator "RC"]
[PlyCount "90"]
[EventDate "2024.10.31"]
[EventType "swiss"]
[EventCountry "NED"]
[SourceTitle "playchess.com"]
[Source "ChessBase"]
[SourceQuality "1"]
[TimeControl "5400+30"]

1. d4 d5 2. c4 e6 3. Nf3 Nf6 4. Nc3 a6 5. Bg5 Be7 6. e3 dxc4 7. a4 O-O 8. Bxc4 h6 9. Bh4 c5 10. dxc5 Qa5 11. O-O Nc6 12. Qe2 Qxc5 13. Rfd1 Rd8 14. Rxd8+ Bxd8 15. Rd1 Be7 16. e4 Nd7 17. Bxe7 Qxe7 18. e5 Nc5 19. Qe3 Bd7 20. Rd6 b6 21. Nd4 Qe8 22. Ne4 Nxe5 23. Ba2 Ng4 24. Qe2 Nxe4 25. Qxe4 Nf6 26. Qb7 Rb8 27. Qxa6 Ra8 28. Qd3 Rxa4 29. Bb1 e5 30. Nb3 e4 31. Qd2 Qd8 32. g3 Qc7 33. Bc2 Ra8 34. h4 Be6 35. Rd4 e3 36. Qd3 Rc8 37. Bd1 exf2+ 38. Kxf2 h5 39. Kg2 g6 40. Nd2 Qc1 41. Nb3 Qxb2+ 42. Nd2 Kg7 43. Kg1 Rc3 44. Qb1 Rxg3+ 45. Kf2 Qxd4+ 0-1

[Event "Amsterdam Chess Open 2024"]
[Site "Amsterdam"]
[Date "2024.11.02"]
[Round "4.12"]
[White "Nies, Levi"]
[Black "Van der Meiden, Dirk"]
[Result "1/2-1/2"]
[ECO "B03"]
[WhiteElo "1859"]
[BlackElo "1968"]
[Annotator "RC"]
[PlyCount "26"]
[EventDate "2024.10.31"]
[EventType "swiss"]
[EventCountry "NED"]
[SourceTitle "playchess.com"]
[Source "ChessBase"]
[SourceQuality "1"]
[TimeControl "5400+30"]

1. e4 Nf6 2. e5 Nd5 3. d4 d6 4. c4 Nb6 5. f4 dxe5 6. fxe5 Bf5 7. Nc3 e6 8. Nf3 Nc6 9. Be3 Bg4 10. Be2 Bxf3 11. gxf3 Qh4+ 12. Bf2 Qf4 13. Qc1 Qf5 1/2-1/2

[Event "Amsterdam Chess Open 2024"]
[Site "Amsterdam"]
[Date "2024.11.02"]
[Round "4.13"]
[White "Sleeckx, Alexander"]
[Black "Baarslag, Ed"]
[Result "1/2-1/2"]
[ECO "B12"]
[WhiteElo "1928"]
[BlackElo "1993"]
[Annotator "RC"]
[PlyCount "143"]
[EventDate "2024.10.31"]
[EventType "swiss"]
[EventCountry "NED"]
[SourceTitle "playchess.com"]
[Source "ChessBase"]
[SourceQuality "1"]
[TimeControl "5400+30"]

1. e4 c6 2. d4 d5 3. f3 e6 4. a3 c5 5. dxc5 Bxc5 6. Nc3 Ne7 7. f4 Nbc6 8. Nf3 a6 9. Bd3 Ba7 10. Qe2 d4 11. Nd1 b5 12. Bd2 f6 13. O-O Qc7 14. b4 Bd7 15. Kh1 Nd8 16. Nb2 O-O 17. a4 Rb8 18. Rfc1 Ng6 19. g3 f5 20. c3 dxc3 21. Bxc3 Qb7 22. axb5 axb5 23. Ne5 Nxe5 24. Bxe5 Bc6 25. Rxc6 Nxc6 26. Bxb8 Bxb8 27. Bxb5 Nd4 28. Ba6 Qxb4 29. Qf2 Rd8 30. Bc4 fxe4 31. Kg2 Qb7 32. Kh3 Kh8 33. Nd1 Qf7 34. Ne3 Qh5+ 35. Kg2 Qf3+ 36. Qxf3 exf3+ 37. Kf2 g6 38. Ra6 Bd6 39. Ng4 h5 40. Nf6 Bf8 41. Bxe6 Bg7 42. Ne4 Rb8 43. Ng5 Bf6 44. Nxf3 Rb2+ 45. Ke3 Re2+ 46. Kd3 Rxe6 47. Ra8+ Kg7 48. Nxd4 Bxd4 49. Kxd4 Re2 50. h4 Rg2 51. Ra7+ Kf6 52. Ra6+ Kf7 53. Ra7+ Kf6 54. Ra6+ Kf7 55. Ra3 Kf6 56. Ke4 Rb2 57. Ra6+ Kf7 58. Ra5 Rb3 59. Rg5 Rb4+ 60. Ke5 Rb5+ 61. Kd6 Rb6+ 62. Kc5 Rb3 63. f5 gxf5 64. Rxf5+ Kg6 65. Rg5+ Kh6 66. Kd4 Rb4+ 67. Ke3 Rb3+ 68. Kf2 Rb2+ 69. Kf3 Rb3+ 70. Kg2 Rb2+ 71. Kh3 Ra2 72. Rd5 1/2-1/2

[Event "Amsterdam Chess Open 2024"]
[Site "Amsterdam"]
[Date "2024.11.02"]
[Round "4.14"]
[White "Dumont, Ties"]
[Black "Schoonackers, Jeroen"]
[Result "1-0"]
[ECO "D18"]
[WhiteElo "1914"]
[BlackElo "1983"]
[Annotator "RC"]
[PlyCount "55"]
[EventDate "2024.10.31"]
[EventType "swiss"]
[EventCountry "NED"]
[SourceTitle "playchess.com"]
[Source "ChessBase"]
[SourceQuality "1"]
[TimeControl "5400+30"]

1. d4 d5 2. c4 c6 3. Nc3 Nf6 4. Nf3 dxc4 5. a4 Bf5 6. e3 e6 7. Bxc4 Bb4 8. O-O O-O 9. Ne2 Nbd7 10. Ng3 Bg6 11. Qe2 Ne4 12. Rd1 Qe7 13. Nxe4 Bxe4 14. Bd3 Bxd3 15. Rxd3 e5 16. e4 h6 17. Rb3 a5 18. Bd2 exd4 19. Bxb4 axb4 20. Nxd4 Rfe8 21. Nf5 Qe6 22. Qg4 g6 23. Rh3 Qxe4 24. Nxh6+ Kg7 25. Qd1 Nf6 26. Qd2 Rad8 27. Nf5+ Kg8 28. Rh8+ 1-0

[Event "Amsterdam Chess Open 2024"]
[Site "Amsterdam"]
[Date "2024.11.02"]
[Round "4.15"]
[White "Boonstra, Jasper"]
[Black "Verschoor, Scott"]
[Result "1/2-1/2"]
[ECO "B59"]
[WhiteElo "1891"]
[BlackElo "1966"]
[Annotator "RC"]
[PlyCount "117"]
[EventDate "2024.10.31"]
[EventType "swiss"]
[EventCountry "NED"]
[SourceTitle "playchess.com"]
[Source "ChessBase"]
[SourceQuality "1"]
[TimeControl "5400+30"]

1. e4 c5 2. Nf3 d6 3. d4 cxd4 4. Nxd4 Nf6 5. Nc3 Nc6 6. Be2 e5 7. Nb3 Be7 8. O-O O-O 9. Be3 a5 10. a4 Nb4 11. Kh1 d5 12. exd5 Nfxd5 13. Nxd5 Nxd5 14. Bc5 Bxc5 15. Nxc5 b6 16. Bf3 bxc5 17. Bxd5 Rb8 18. b3 Bb7 19. Bxb7 Rxb7 20. Qe2 Re8 21. Rad1 Rd7 22. Rxd7 Qxd7 23. Rd1 Qc6 24. Qb5 Qxb5 25. axb5 f6 26. g3 Kf7 27. Rd6 c4 28. Ra6 cxb3 29. cxb3 Rb8 30. Rxa5 g5 31. Kg1 Ke6 32. Ra6+ Ke7 33. b6 h5 34. Kf1 f5 35. Ke2 Kd6 36. Kd3 Kc5 37. Ra5+ Kd6 38. Rb5 Rb7 39. Kc4 h4 40. Rd5+ Ke6 41. Kc5 Rxb6 42. Rxe5+ Kxe5 43. Kxb6 hxg3 44. hxg3 Ke4 45. b4 Kf3 46. b5 Kxf2 47. Kc5 f4 48. gxf4 gxf4 49. b6 f3 50. b7 Kg2 51. b8=Q f2 52. Qg8+ Kh1 53. Qh7+ Kg1 54. Qg6+ Kh1 55. Qh5+ Kg1 56. Qg4+ Kh1 57. Qf3+ Kg1 58. Qg3+ Kh1 59. Qf3+ 1/2-1/2

[Event "Amsterdam Chess Open 2024"]
[Site "Amsterdam"]
[Date "2024.11.02"]
[Round "4.16"]
[White "Krylov, Philippe"]
[Black "Alekseev, Mikhail"]
[Result "1/2-1/2"]
[ECO "D36"]
[WhiteElo "1950"]
[BlackElo "1890"]
[Annotator "RC"]
[PlyCount "51"]
[EventDate "2024.10.31"]
[EventType "swiss"]
[EventCountry "NED"]
[SourceTitle "playchess.com"]
[Source "ChessBase"]
[SourceQuality "1"]
[TimeControl "5400+30"]

1. d4 d5 2. c4 e6 3. Nc3 Nf6 4. cxd5 exd5 5. Bg5 Be7 6. e3 O-O 7. Bd3 c6 8. Qc2 Nbd7 9. Nge2 Re8 10. O-O Nf8 11. f3 c5 12. Nf4 cxd4 13. exd4 h6 14. Bxf6 Bxf6 15. Nfxd5 Bxd4+ 16. Kh1 Be6 17. Nf4 Rc8 18. Nxe6 Nxe6 19. Rfd1 Qa5 20. Rac1 Rc7 21. Qa4 Qxa4 22. Nxa4 Rec8 23. Rxc7 Rxc7 24. g3 g6 25. f4 Bf6 26. f5 1/2-1/2

[Event "Amsterdam Chess Open 2024"]
[Site "Amsterdam"]
[Date "2024.11.02"]
[Round "4.17"]
[White "Kuijken, Felix"]
[Black "Beijen, Mark"]
[Result "0-1"]
[ECO "C10"]
[WhiteElo "1823"]
[BlackElo "1945"]
[Annotator "RC"]
[PlyCount "74"]
[EventDate "2024.10.31"]
[EventType "swiss"]
[EventCountry "NED"]
[SourceTitle "playchess.com"]
[Source "ChessBase"]
[SourceQuality "1"]
[TimeControl "5400+30"]

1. e4 e6 2. d4 d5 3. Nc3 Be7 4. Be3 dxe4 5. Nxe4 Nd7 6. Nf3 Ngf6 7. Nxf6+ Nxf6 8. Bd3 O-O 9. Qe2 b6 10. O-O-O Bb7 11. c3 Qc8 12. Ng5 c5 13. h4 Bd5 14. Kb1 c4 15. Bc2 a5 16. Ba4 Qa6 17. Bc2 b5 18. Kc1 b4 19. Kd2 a4 20. a3 bxc3+ 21. bxc3 Rab8 22. Ra1 Qc6 23. f3 Rfd8 24. Bf4 Rb7 25. h5 h6 26. Nh3 Bd6 27. Bxd6 Qxd6 28. Nf2 Re7 29. Ne4 Bxe4 30. fxe4 e5 31. Qxc4 exd4 32. cxd4 Nxe4+ 33. Kc1 Rc7 34. Qxa4 Qf4+ 35. Kb2 Rb8+ 36. Bb3 Qd2+ 37. Kb1 Nc3# 0-1